 Dungeon Crawl Stone Soup version 0.23-a0-512-g50a8178 (webtiles) character file.

51 theanonym the Skirmisher (level 3, -2/29 HPs)
             Began as a Mummy Warper on Dec 4, 2018.
             Slain by a worm (10 damage)
             ... on level 3 of the Dungeon.
             The game lasted 00:01:25 (1468 turns).

theanonym the Skirmisher (Mummy Warper)             Turns: 1468, Time: 00:01:27

Health: -2/29      AC:  7    Str: 15    XL:     3   Next: 58%
Magic:  7/7        EV: 11    Int: 12    God:
Gold:   43         SH:  0    Dex: 11    Spells: 7/7 levels left

rFire    x . .     SeeInvis .   a - +0 mace
rCold    + . .     Gourm    .   (no shield)
rNeg     + + +     Faith    .   h - +0 ring mail
rPois    ∞         Spirit   .   (no helmet)
rElec    .         Reflect  .   g - +0 cloak
rCorr    .         Harm     .   (no gloves)
MR       .....                  l - +0 pair of boots
Stlth    +.........             (no amulet)
HPRegen  0.09/turn              (no ring)
MPRegen  0.10/turn              (no ring)

@: no status effects
A: no food or potions, fire vulnerability, cold resistance 1, negative energy
resistance 3, torment resistance, unbreathing
a: no special abilities


Innate Abilities, Weirdness & Mutations

You do not eat or drink.
Your flesh is vulnerable to fire.
You are immune to poison.
Your flesh is cold resistant. (rC+)
You are immune to negative energy. (rN+++)
You are immune to unholy pain and torment.
You can survive without breathing.


   Skills:
 + Level 3.1 Fighting
 + Level 2.5 Maces & Flails
 - Level 0.7 Throwing
 - Level 0.7 Armour
 - Level 1.5 Dodging
 - Level 2.6 Spellcasting
   Level 2.4 Translocations


You had 7 spell levels left.
You didn't know any spells.
Your spell library contained the following spells:

 Spells                   Type           Power        Failure   Level  Hunger
 Blink                    Tloc           N/A          28%         2    N/A
 Shroud of Golubria       Chrm/Tloc      #.........   43%         2    N/A
 Gell's Gravitas          Tloc           #.........   50%         3    N/A
 Lesser Beckoning         Tloc           #.........   50%         3    N/A
 Teleport Other           Tloc           #.......     50%         3    N/A
 Passage of Golubria      Tloc           N/A          88%         4    N/A

Skill      XL: |  1  2  3 |
---------------+----------+-----
Maces & Flails | 2 |  2.5
Fighting       | 3 |  3.1
Throwing       | |  0.7
Armour         | |  0.7
Dodging        | |  1.5
Spellcasting   | |  2.6
Translocations | |  2.4

Action                   || total
-------------------------++-------
Melee: Mace              ||   119
Armor: Leather armour    ||    25
       Ring mail         ||    31
Dodge: Dodged            ||   109

Inventory:

Hand Weapons
 a - a +0 mace (weapon)
Missiles
 e - 5 tomahawks of dispersal (quivered)
Armour
 b - a +0 leather armour
 g - a +0 cloak (worn)
   (You found it on level 1 of the Dungeon)
 h - a +0 ring mail (worn)
   (You found it on level 1 of the Dungeon)
 l - a +0 pair of boots (worn)
   (You found it on level 2 of the Dungeon)
Jewellery
 f - an uncursed ring of positive energy {unknown}
   (You found it on level 1 of the Dungeon)
Scrolls
 c - a scroll of teleportation {unknown}
 d - a scroll of amnesia {unknown}
 i - a scroll of enchant weapon {unknown}
 j - a scroll of magic mapping {unknown}
 k - a scroll of random uselessness {unknown}
 B - a scroll of blinking


You were on level 3 of the Dungeon.
You were not hungry.

You visited 1 branch of the dungeon, and saw 3 of its levels.

You collected 43 gold pieces.

Dungeon Overview and Level Annotations

Branches:
Dungeon (3/15)

Altars:

#. .#
.###.
..... ...
# ....# #
##.#.#.##
#.w.....#
#h@.#
#hc.#
.hh###
.(##. #.
#. .. ..
# ##


You could see a centaur, a worm and 4 jackals.

Notes
Turn   | Place    | Note
-------+----------+-------------------------------------------
     0 | D:1      | theanonym the Mummy Warper began the quest for the Orb.
     0 | D:1      | Reached XP level 1. HP: 16/16 MP: 4/4
     0 | D:1      | You fall through a shaft!
   247 | D:1      | Reached XP level 2. HP: 22/23 MP: 5/5
   285 | D:1      | Reached skill level 2 in Maces & Flails
   426 | D:1      | HP: 9/23 [frilled lizard (3)]
   440 | D:1      | HP: 9/23 [kobold (1)]
   460 | D:1      | HP: 8/23 [bat (1)]
   862 | D:1      | Reached XP level 3. HP: 22/28 MP: 7/7
  1114 | D:2      | Reached skill level 3 in Fighting
  1460 | D:3      | Noticed a centaur
  1467 | D:3      | HP: 10/29 [worm (8)]
  1468 | D:3      | Slain by a worm

Vanquished Creatures
  An adder (D:2)
  2 dart slugs
  2 leopard geckos (D:1)
  2 giant cockroaches
  3 goblins (D:1)
  3 hobgoblins
  3 jackals (D:1)
  6 kobolds
  4 bats
  2 frilled lizards
  8 rats
36 creatures vanquished.

Table legend:
 A = Turns spent in this place as a percentage of turns spent in the entire game.
 B = Non-inter-level travel turns spent in this place as a percentage of non-inter-level travel turns spent in the entire game.
 C = Inter-level travel turns spent in this place as a percentage of turns spent in this place.
 D = Turns resting spent in this place as a percentage of non-inter-level travel turns spent in this place.
 E = Turns spent auto-exploring this place as a percentage of non-inter-level travel turns spent in this place.
 F = Non-inter-level travel turns spent in this place divided by the number of levels of this place that you've seen.
                   A       B       C       D       E      F
               +-------+-------+-------+-------+-------+----------------------
         Total | 100.0 | 100.0 |   5.1 |  19.7 |  61.7 | 464.3
       Dungeon | 100.0 | 100.0 |   5.1 |  19.7 |  61.7 | 464.3
               +-------+-------+-------+-------+-------+----------------------
